 Dungeon Crawl Stone Soup version 0.27.1-33-g824d729ab1 (webtiles) character file.

Game seed: 3490128279106369816

104 MisterFreud the Chopper (level 4, -2/39 HPs)
             Began as a Hill Orc Abyssal Knight on Dec 15, 2021.
             Was a Believer of Lugonu.
             Slain by a gnoll (5 damage)
             ... on level 3 of the Dungeon.
             The game lasted 00:03:11 (2693 turns).

MisterFreud the Chopper (Hill Orc Abyssal Knight)   Turns: 2693, Time: 00:03:11

Health: -2/39      AC:  4    Str: 15    XL:     4   Next: 80%
Magic:  5/5        EV: 11    Int: 12    God:    Lugonu [**....]
Gold:   74         SH:  0    Dex: 10    Spells: 3/3 levels left

rFire    . . .     SeeInvis +   a - +2 hand axe
rCold    . . .     Faith    +   (no shield)
rNeg     . . .     Spirit   .   b - +0 leather armour
rPois    +         Reflect  .   j - +0 helmet
rElec    .         Harm     .   (no cloak)
rCorr    .         Rampage  .   (no gloves)
Will     .....                  (no boots)
Stlth    +.........             i - amulet of faith
HPRegen  0.13/turn              c - ring of Wuin {rPois SInv}
MPRegen  0.09/turn              (no ring)

@: no status effects
A: no striking features
a: Renounce Religion, Depart the Abyss, Bend Space


You were on level 3 of the Dungeon.
You worshipped Lugonu.
Lugonu was pleased with you.
You visited 1 branch of the dungeon, and saw 3 of its levels.
You visited the Abyss 1 time.

You collected 74 gold pieces.

Inventory:

Hand Weapons
 a - a +2 hand axe (weapon)
Armour
 b - a +0 leather armour (worn)
 j - a +0 helmet (worn)
Jewellery
 c - the ring of Wuin (left hand) {rPois SInv}
   (You acquired it on level 2 of the Dungeon)

   [ring of poison resistance]

   rPois:     It protects you from poison.
   SInv:      It lets you see invisible.
 i - an amulet of faith (around neck)
Scrolls
 d - 3 scrolls of magic mapping
Potions
 f - a potion of invisibility
 h - a potion of flight
 l - a potion of ambrosia
 m - a potion of brilliance {unknown}


   Skills:
 - Level 3.6 Fighting
 + Level 6.4 Axes
 - Level 2.1 Armour
 - Level 0.7 Dodging
 - Level 2.4 Invocations


You had 3 spell levels left.
You didn't know any spells.
Your spell library contained the following spells:

 Spells                   Type           Power      Damage    Failure   Level
 Foxfire                  Conj/Fire      0%         2x1d4     38%         1
 Conjure Flame            Conj/Fire      0%         6-21      77%         3
 Inner Flame              Hex/Fire       0%         N/A       77%         3
 Stone Arrow              Conj/Erth      0%         3d7       77%         3
 Tukima's Dance           Hex            0%         N/A       77%         3
 Passage of Golubria      Tloc           N/A        N/A       99%         4
 Bolt of Magma            Conj/Fire/Erth 0%         4d4       100%        5
 Yara's Violent Unravell  Hex/Tmut       0%         3d3       100%        5
 Shatter                  Erth           0%         3d5*      100%        9


Dungeon Overview and Level Annotations

Branches:
Dungeon (3/15)

Altars:


Message History

The gnoll hits you from afar with a +0 halberd.
The gnoll hits you with a +0 flail!
* * * LOW HITPOINT WARNING * * *
The gnoll barely misses you.
There is a stone staircase leading up here.
The gnoll closely misses you.
You climb upwards.
There is a stone staircase leading down here.
You hit the gnoll.
The gnoll is almost dead.
The gnoll hits you with a +0 flail!
* * * LOW HITPOINT WARNING * * *
You hit the gnoll.
You kill the gnoll!
Lugonu accepts your kill.
You start resting.
HP restored.
You climb downwards.
There is a stone staircase leading up here.
The gnoll hits you with a +0 halberd!
You hit the gnoll.
The gnoll is lightly wounded.
The gnoll hits you with a +0 halberd.
You barely miss the gnoll.
The gnoll is lightly wounded.
The gnoll closely misses you.
You slash the gnoll!
The gnoll is severely wounded.
The gnoll hits you with a +0 halberd!
You closely miss the gnoll.
The gnoll is severely wounded.
The gnoll hits you with a +0 halberd!
* * * LOW HITPOINT WARNING * * *
You hit the gnoll.
The gnoll is almost dead.
The gnoll barely misses you.
You hit the gnoll but do no damage.
The gnoll is almost dead.
The gnoll hits you with a +0 halberd.
You die...

#.# #.# #.# #.#
#.###.#########
#.......g.....#
#####.#######g#
#.# #.<#.# #g#
#@##.###.##
.g####g........#
..#.........####
...#.......#.#
...#########.#
....+ .# #


You could see a gnoll.

Vanquished Creatures
  An iguana (D:2)
  A gnoll (D:2)
  3 adders (D:2)
  2 worms (D:2)
  A dart slug (D:2)
  2 ball pythons
  4 endoplasms
  2 giant cockroaches
  2 goblins
  4 hobgoblins
  A kobold (D:2)
  5 bats
  A frilled lizard (D:2)
  9 rats
38 creatures vanquished.

Notes
Turn   | Place    | Note
-------+----------+-------------------------------------------
     0 | Abyss:1  | MisterFreud the Hill Orc Abyssal Knight began the quest for
                  | the Orb.
     0 | Abyss:1  | Reached XP level 1. HP: 19/19 MP: 2/2
    19 | D:1      | Escaped the Abyss
   137 | D:1      | Reached skill level 3 in Axes
   289 | D:1      | Reached XP level 2. HP: 26/26 MP: 3/3
   521 | D:1      | Reached skill level 4 in Axes
   637 | D:1      | Reached ** piety under Lugonu
   934 | D:2      | Reached XP level 3. HP: 31/31 MP: 4/4
  1056 | D:2      | Reached skill level 5 in Axes
  1919 | D:2      | Reached XP level 4. HP: 35/39 MP: 5/5
  2096 | D:2      | Found a faded altar of an unknown god.
  2108 | D:2      | Reached skill level 6 in Axes
  2346 | D:2      | Identified a scroll of acquirement
  2346 | D:2      | Acquired the ring of Wuin {rPois SInv}
  2693 | D:3      | Slain by a gnoll

Illustrated notes

Levels and vault maps discovered:
D:1:      minmay_arrival_hallway, layout_rooms
D:2:      layout_basic, hellmonk_ecumenical_altar_leap_of_faith
D:3:      due_chaos_kobolds, layout_basic, lemuel_round_altar,
          lightli_temple_of_fire, minmay_unequal, uniq_ijyb, uniq_natasha

Skill      XL: |  1  2  3  4 |
---------------+-------------+-----
Axes           | 3 4 5 6 |  6.4
Fighting       | |  3.6
Armour         | |  2.1
Dodging        | |  0.7
Invocations    | |  2.4

Action                   |  1- 3 |  4- 6 || total
-------------------------+-------+-------++-------
Melee: Hand axe          |   129 |    32 ||   161
  Use: Scroll            |       |     7 ||     7
Armor: Leather armour    |    32 |     7 ||    39
Dodge: Dodged            |    81 |    19 ||   100
